 Dungeon Crawl Stone Soup version 0.22-a0-274-gf8199ec (webtiles) character file.

408 tidbits the Insei (level 6, -2/47 HPs)
             Began as a Gnoll Transmuter on Mar 14, 2018.
             Slain by an ogre
             ... wielding a +0 giant club
              (13 damage)
             ... on level 4 of the Dungeon.
             The game lasted 00:05:08 (555 turns).

tidbits the Insei (Gnoll Transmuter)                 Turns: 555, Time: 00:05:09

Health: -2/47      AC:  2    Str: 12    XL:     6   Next: 88%
Magic:  1/14       EV: 24    Int: 18    God:
Gold:   10         SH:  0    Dex: 20    Spells: 9/15 levels left

rFire    . . .     SeeInvis .     - Unarmed
rCold    . . .     Gourm    .   (shield currently unavailable)
rNeg     . . .     Faith    .   (armour currently unavailable)
rPois    x         Spirit   .   (helmet currently unavailable)
rElec    .         Reflect  .   (cloak currently unavailable)
rCorr    .         Harm     .   (gloves currently unavailable)
MR       .....                  (boots currently unavailable)
Stlth    ++........             j - amulet of rage
HPRegen  0.15/turn              (no ring)
MPRegen  0.14/turn              (no ring)

@: spider-form
A: tiny, distributed training, strong nose
a: End Transformation, Evoke Berserk Rage


You were on level 4 of the Dungeon.
You were not hungry.
You were a venomous arachnid creature.
You visited 1 branch of the dungeon, and saw 5 of its levels.

You collected 10 gold pieces.

Inventory:

Hand Weapons
 e - a +0 dagger
 i - a +0 broad axe
Missiles
 a - 26 arrows
 f - 2 stones (quivered)
 h - 22 sling bullets
Armour
 b - a +0 robe (melded)
Jewellery
 j - an amulet of rage (around neck)
   (You found it on level 4 of the Dungeon)
Scrolls
 c - 2 scrolls of identify {unknown}
 g - a scroll of enchant armour {unknown}
 k - a scroll of fog {unknown}
 l - a scroll of remove curse {unknown}
 m - a scroll of magic mapping {unknown}
Comestibles
 d - a ration


   Skills:
 + Level 3.3 Fighting
 + Level 2.1 Short Blades
 + Level 2.1 Long Blades
 + Level 2.1 Axes
 + Level 2.1 Maces & Flails
 + Level 2.1 Polearms
 + Level 2.1 Staves
 + Level 2.1 Slings
 + Level 2.1 Bows
 + Level 2.1 Crossbows
 + Level 2.1 Throwing
 + Level 2.1 Armour
 + Level 5.0 Dodging
 + Level 2.1 Stealth
 + Level 2.1 Shields
 + Level 6.9 Unarmed Combat
 + Level 5.4 Spellcasting
 + Level 1.6 Conjurations
 + Level 1.6 Hexes
 + Level 1.6 Charms
 + Level 1.6 Summonings
 + Level 1.6 Necromancy
 + Level 1.6 Translocations
 + Level 4.1 Transmutations
 + Level 1.6 Fire Magic
 + Level 1.6 Ice Magic
 + Level 1.6 Air Magic
 + Level 1.6 Earth Magic
 + Level 1.6 Poison Magic
 + Level 2.3 Invocations
 + Level 2.1 Evocations


You had 9 spell levels left.
You knew the following spells:

 Your Spells              Type           Power        Failure   Level  Hunger
e - Beastly Appendage     Tmut           ###...       9%          1    None
k - Sticks to Snakes      Tmut           ###.....     12%         2    #......
p - Spider Form           Tmut/Pois      ###.......   28%         3    ##.....


Dungeon Overview and Level Annotations

Branches:
Dungeon (5/15)
 Temple: D:4-7

Altars:
Fedhas


Innate Abilities, Weirdness & Mutations

Your experience applies equally to all skills.
((You have very sharp teeth.))
Your uncanny sense of smell can sniff out nearby items.


Message History

You kill the jackal!
The frilled lizard completely misses you.
You barely miss the frilled lizard.
The frilled lizard completely misses you.
You barely miss the frilled lizard.
The frilled lizard completely misses you.
You barely miss the frilled lizard.
The frilled lizard completely misses you.
You hit the frilled lizard but do no damage.
The frilled lizard is poisoned.
The frilled lizard bites you but does no damage.
You barely miss the frilled lizard.
The frilled lizard completely misses you.
You hit the frilled lizard.
The frilled lizard looks as sick as possible!
The frilled lizard is heavily wounded.
The frilled lizard closely misses you.
You bite the frilled lizard!
You kill the frilled lizard!
Your transformation is almost over.
You see here a giant club.
You see here 21 arrows.
a - 28 arrows (gained 21)
You open the door. 8 goblins and an ogre come into view.
The goblin shouts! x2; The ogre shouts!
The goblin shouts! x4
Found 2 rations.
You hit the goblin.
The goblin is severely wounded.
The goblin misses you.
You hit the goblin.
You kill the goblin!
Casting: Spider Form (safe; 28% risk of failure)
Confirm with . or Enter, or press ? or * to list all spells.
You create 2 snakes!
You now have 26 arrows.
The goblin closely misses you.
You hit the goblin.
The goblin is poisoned.
The goblin is severely wounded.
Your transformation has ended.
Your +0 robe unmelds from your body.
You hit the goblin.
You kill the goblin!
The goblin barely misses you.
You hit the goblin.
The goblin is severely wounded.
Your adder bites the goblin.
The goblin dies!
The goblin wields a hunting sling.
The goblin shoots a stone.
The stone hits your ball python!
Your ball python dies!
The goblin misses your adder. The goblin closely misses your adder.
Your adder misses the goblin. The goblin closely misses your adder.
The goblin misses your adder.
The goblin shoots a stone.
The stone misses your adder. The stone hits you.
* * * LOW HITPOINT WARNING * * *
You see here a stone.
Your adder closely misses the goblin.
The goblin closely misses your adder. Something closely misses your adder.
Your adder barely misses the goblin.
The goblin shoots a stone.
The stone hits your adder!
Your adder closely misses the goblin.
The goblin barely misses your adder. Something hits your adder.
You aren't carrying any potions.
Unknown command.
Your adder misses the goblin. The goblin misses your adder.
Your adder closely misses the goblin.
Your adder bites the goblin.
The goblin dies!
Casting: Sticks to Snakes (safe; 3% risk of failure)
Confirm with . or Enter, or press ? or * to list all spells.
You turn into a venomous arachnid creature.
Your +0 robe melds into your body.
The ogre barely misses your adder. The goblin closely misses your adder.
The goblin hits you with a dagger.
* * * LOW HITPOINT WARNING * * *
You bite the goblin!
You kill the goblin!
The ogre barely misses your adder.
The goblin shoots a stone.
The stone completely misses you. The ogre closely misses your adder.
The goblin shoots a stone.
The stone closely misses your adder. The stone closely misses you.
The ogre closely misses your adder.
The goblin unwields an uncursed hunting sling.
The goblin misses you.
You see here a stone.
You closely miss the goblin.
Your adder bites the goblin.
The ogre closely misses your adder.
You bite the goblin!
You kill the goblin!
Your adder closely misses the goblin.
The goblin misses you.
The ogre hits your adder with a giant club!!
Your adder dies!
You barely miss the goblin.
The goblin is severely wounded.
The goblin misses you.
You bite the goblin!
You kill the goblin!
The goblin barely misses you.
You hit the ogre.
The ogre is poisoned.
The ogre is moderately wounded.
The ogre hits you with a giant club!
You die...

##......######............
.........# #............
.........## #####.........
..........###.Og#†........
.#..........#.gg((........
............#.gg#.........
............#####†.......#
............# #(Og.......#
............# ##s).......#
......####.## #####...###
####### ## ####


You could see an ogre and a goblin.

Vanquished Creatures
  2 ogres (D:4)
  A howler monkey (D:4)
  A hound (D:4)
  An iguana (D:4)
  An orc wizard (D:4)
  2 worker ants (D:4)
  2 gnolls (D:4)
  An orc (D:4)
  A bat (D:2)
  5 goblins (D:4)
  4 jackals (D:4)
  A ball python (D:4)
  3 frilled lizards
  A kobold (D:2)
  3 rats
29 creatures vanquished.

Vanquished Creatures (collateral kills)
  An orc wizard (D:4)
  2 gnolls (D:4)
  2 goblins (D:4)
5 creatures vanquished.

Grand Total: 34 creatures vanquished

Notes
Turn   | Place    | Note
-------+----------+-------------------------------------------
     0 | D:1      | tidbits the Gnoll Transmuter began the quest for the Orb.
     0 | D:1      | Reached XP level 1. HP: 17/17 MP: 6/6
   115 | D:4      | Found a blossoming altar of Fedhas.
   165 | D:4      | Noticed a worker ant
   176 | D:4      | Killed a worker ant
   176 | D:4      | Reached skill level 5 in Spellcasting
   176 | D:4      | Reached XP level 2. HP: 23/23 MP: 6/8
   176 | D:4      | Reached XP level 3. HP: 28/28 MP: 6/9
   180 | D:4      | Learned a level 2 spell: Sticks to Snakes
   184 | D:4      | Learned a level 3 spell: Spider Form
   206 | D:4      | Reached skill level 1 in Invocations
   254 | D:5      | Entered Level 5 of the Dungeon
   266 | D:4      | Reached skill level 1 in Short Blades
   266 | D:4      | Reached skill level 1 in Long Blades
   266 | D:4      | Reached skill level 1 in Axes
   266 | D:4      | Reached skill level 1 in Maces & Flails
   266 | D:4      | Reached skill level 1 in Polearms
   266 | D:4      | Reached skill level 1 in Staves
   266 | D:4      | Reached skill level 1 in Slings
   266 | D:4      | Reached skill level 1 in Bows
   266 | D:4      | Reached skill level 1 in Crossbows
   266 | D:4      | Reached skill level 1 in Throwing
   266 | D:4      | Reached skill level 1 in Armour
   266 | D:4      | Reached skill level 1 in Stealth
   266 | D:4      | Reached skill level 1 in Shields
   266 | D:4      | Reached skill level 1 in Evocations
   266 | D:4      | Reached XP level 4. HP: 31/34 MP: 2/11
   374 | D:4      | Reached skill level 1 in Conjurations
   374 | D:4      | Reached skill level 1 in Hexes
   374 | D:4      | Reached skill level 1 in Charms
   374 | D:4      | Reached skill level 1 in Summonings
   374 | D:4      | Reached skill level 1 in Necromancy
   374 | D:4      | Reached skill level 1 in Translocations
   374 | D:4      | Reached skill level 1 in Fire Magic
   374 | D:4      | Reached skill level 1 in Ice Magic
   374 | D:4      | Reached skill level 1 in Air Magic
   374 | D:4      | Reached skill level 1 in Earth Magic
   374 | D:4      | Reached skill level 1 in Poison Magic
   374 | D:4      | Reached XP level 5. HP: 37/40 MP: 8/12
   414 | D:4      | Reached skill level 3 in Fighting
   440 | D:4      | Noticed an ogre
   445 | D:4      | Killed an ogre
   445 | D:4      | Reached skill level 4 in Transmutations
   445 | D:4      | Reached skill level 2 in Invocations
   445 | D:4      | Reached XP level 6. HP: 24/47 MP: 7/13
   472 | D:4      | Reached skill level 5 in Dodging
   501 | D:4      | Reached skill level 2 in Short Blades
   501 | D:4      | Reached skill level 2 in Long Blades
   501 | D:4      | Reached skill level 2 in Axes
   501 | D:4      | Reached skill level 2 in Maces & Flails
   501 | D:4      | Reached skill level 2 in Polearms
   501 | D:4      | Reached skill level 2 in Staves
   501 | D:4      | Reached skill level 2 in Slings
   501 | D:4      | Reached skill level 2 in Bows
   501 | D:4      | Reached skill level 2 in Crossbows
   501 | D:4      | Reached skill level 2 in Throwing
   501 | D:4      | Reached skill level 2 in Armour
   501 | D:4      | Reached skill level 2 in Stealth
   501 | D:4      | Reached skill level 2 in Shields
   501 | D:4      | Reached skill level 2 in Evocations
   555 | D:4      | Slain by an ogre

Vault maps used:
D:1:      minmay_arrival_widening_spiral_wide
D:2:      gammafunk_temple_overflow_pools
D:3:      grunt_temple_overflow_order_and_chaos_2,
          nicolae_ru_sacrificial_ziggurat
D:4:      fedhas_altar_3, serial_column_ruins, column_ruins_open_large,
          column_ruins_grid_1, column_ruins_corridor_corner,
          column_ruins_corridor_corner, column_ruins_columns_straight,
          column_ruins_open_tiny, column_ruins_open_large, minmay_ogre_servants,
          uniq_grinder
D:5:      nemelex_xobeh_ov_fountains_minmay, first_ration

Skill      XL: |  1  2  3  4  5  6 |
---------------+-------------------+-----
Spellcasting   | 5 |  5.4
Invocations    | 1 2 |  2.3
Short Blades   | 1 2 |  2.1
Long Blades    | 1 2 |  2.1
Axes           | 1 2 |  2.1
Maces & Flails | 1 2 |  2.1
Polearms       | 1 2 |  2.1
Staves         | 1 2 |  2.1
Slings         | 1 2 |  2.1
Bows           | 1 2 |  2.1
Crossbows      | 1 2 |  2.1
Throwing       | 1 2 |  2.1
Armour         | 1 2 |  2.1
Stealth        | 1 2 |  2.1
Shields        | 1 2 |  2.1
Evocations     | 1 2 |  2.1
Conjurations   | 1 |  1.6
Hexes          | 1 |  1.6
Charms         | 1 |  1.6
Summonings     | 1 |  1.6
Necromancy     | 1 |  1.6
Translocations | 1 |  1.6
Fire Magic     | 1 |  1.6
Ice Magic      | 1 |  1.6
Air Magic      | 1 |  1.6
Earth Magic    | 1 |  1.6
Poison Magic   | 1 |  1.6
Fighting       | 3 |  3.3
Transmutations | 4 |  4.1
Dodging        | 5 |  5.0
Unarmed Combat | |  6.9

Action                   |  1- 3 |  4- 6 || total
-------------------------+-------+-------++-------
Melee: Unarmed           |    20 |    66 ||    86
       Kick              |     4 |       ||     4
       Bite              |       |     2 ||     2
 Cast: Beastly Appendage |     5 |       ||     5
       Spider Form       |     2 |     7 ||     9
       Sticks to Snakes  |     1 |     5 ||     6
 Stab: Sleeping          |     1 |       ||     1
Armor: Robe              |     1 |     1 ||     2
       Skin              |       |     2 ||     2
Dodge: Dodged            |    20 |    59 ||    79

Table legend:
 A = Spawn XP
 B = Non-spawn XP
 C = Spawn XP percentage of total XP
 D = Spawn monster count
 E = Non-spawn monster count
 F = Spawn count percentage of total count
 G = Total turns spent on level
                    A         B        C        D         E        F      G
               +---------+---------+-------+---------+---------+-------+---------
         Total |       0 |     584 |   0.0 |       0 |      34 |   0.0 |   555
               +---------+---------+-------+---------+---------+-------+---------
           D:1 |       0 |       2 |   0.0 |       0 |       2 |   0.0 |    76
           D:2 |       0 |       4 |   0.0 |       0 |       3 |   0.0 |    32
           D:3 |       0 |       1 |   0.0 |       0 |       1 |   0.0 |    24
           D:4 |       0 |     577 |   0.0 |       0 |      28 |   0.0 |   408
               +---------+---------+-------+---------+---------+-------+---------

Table legend:
 A = Turns spent in this place as a percentage of turns spent in the entire game.
 B = Non-inter-level travel turns spent in this place as a percentage of non-inter-level travel turns spent in the entire game.
 C = Inter-level travel turns spent in this place as a percentage of turns spent in this place.
 D = Turns resting spent in this place as a percentage of non-inter-level travel turns spent in this place.
 E = Turns spent auto-exploring this place as a percentage of non-inter-level travel turns spent in this place.
 F = Non-inter-level travel turns spent in this place divided by the number of levels of this place that you've seen.
                   A       B       C       D       E      F
               +-------+-------+-------+-------+-------+----------------------
         Total | 100.0 | 100.0 |   3.4 |   0.0 |   0.0 | 107.2
       Dungeon | 100.0 | 100.0 |   3.4 |   0.0 |   0.0 | 107.2
               +-------+-------+-------+-------+-------+----------------------

Table legend:
 A = Kills in this place as a percentage of kills in entire the game.
 B = Kills by you in this place as a percentage of kills by you in the entire game.
 C = Kills by friends in this place as a percentage of kills by friends in the entire game.
 D = Other kills in this place as a percentage of other kills in the entire game.
 E = Experience gained in this place as a percentage of experience gained in the entire game.
 F = Experience gained in this place divided by the number of levels of this place that you have seen.
                   A       B       C       D       E      F
               +-------+-------+-------+-------+-------+----------------------
         Total | 100.0 | 100.0 | 100.0 |   N/A | 100.0 | 116.8
       Dungeon | 100.0 | 100.0 | 100.0 |   N/A | 100.0 | 116.8
               +-------+-------+-------+-------+-------+----------------------

Vault maps used:
D:1:      minmay_arrival_widening_spiral_wide
D:2:      gammafunk_temple_overflow_pools
D:3:      grunt_temple_overflow_order_and_chaos_2,
          nicolae_ru_sacrificial_ziggurat
D:4:      fedhas_altar_3, serial_column_ruins, column_ruins_open_large,
          column_ruins_grid_1, column_ruins_corridor_corner,
          column_ruins_corridor_corner, column_ruins_columns_straight,
          column_ruins_open_tiny, column_ruins_open_large, minmay_ogre_servants,
          uniq_grinder
D:5:      nemelex_xobeh_ov_fountains_minmay, first_ration
